[Event "Kragero Resort B 2020"]
[Site "Kragero"]
[Date "2020.02.20"]
[Round "3.10"]
[White "Sejersted, Adrian"]
[Black "Myagmarsuren, Evsuld"]
[Result "1-0"]
[ECO "D00"]
[WhiteElo "1788"]
[BlackElo "1497"]
[Annotator "NA RC"]
[PlyCount "117"]
[EventDate "2020.02.19"]
[EventType "swiss"]
[EventCountry "NOR"]
[SourceTitle "playchess.com"]
[Source "ChessBase"]
[SourceQuality "1"]
[TimeControl "5400+30"]

1. d4 d5 2. Nc3 e6 3. Bf4 c5 4. e3 Nc6 5. Nb5 e5 6. dxe5 Be6 7. Nf3 a6 8. Nd6+ Bxd6 9. exd6 Nf6 10. Ne5 Nxe5 11. Bxe5 O-O 12. Bd3 Re8 13. O-O Bd7 14. Bg3 b5 15. b3 c4 16. Be2 Bc6 17. Bf3 Qd7 18. Qd2 Ne4 19. Bxe4 Rxe4 20. Rfd1 Rae8 21. Qc3 Bb7 22. Rd4 Rxd4 23. Qxd4 Qc6 24. f3 Qd7 25. Re1 Kf8 26. b4 Bc6 27. c3 Bb7 28. Qh4 h6 29. e4 Bc6 30. e5 Qe6 31. Bf2 Bd7 32. Bc5 g5 33. Qd4 Kg8 34. Qf2 f6 35. Bd4 fxe5 36. Bxe5 Qf5 37. Bg3 Rxe1+ 38. Qxe1 Qe6 39. Qxe6+ Bxe6 40. Be5 Kf7 41. Kf2 Bd7 42. Ke3 h5 43. Kd4 Ke6 44. g3 Bc8 45. f4 gxf4 46. gxf4 h4 47. Kc5 h3 48. Kc6 Bd7+ 49. Kc7 Be8 50. Bd4 Kf5 51. d7 Bxd7 52. Kxd7 Kxf4 53. Kc6 Kf3 54. Kxd5 Kg2 55. Be5 Kf3 56. Kc6 Ke4 57. Bd4 Kd3 58. Kb6 Kc2 59. Kxa6 1-0

[Event "Kragero Resort B 2020"]
[Site "Kragero"]
[Date "2020.02.20"]
[Round "3.11"]
[White "Aasen, Joakim"]
[Black "Haug, Havard"]
[Result "1-0"]
[ECO "A59"]
[WhiteElo "1745"]
[BlackElo "1626"]
[Annotator "NA RC"]
[PlyCount "26"]
[EventDate "2020.02.19"]
[EventType "swiss"]
[EventCountry "NOR"]
[SourceTitle "playchess.com"]
[Source "ChessBase"]
[SourceQuality "1"]
[TimeControl "5400+30"]

1. d4 Nf6 2. c4 c5 3. d5 b5 4. cxb5 a6 5. bxa6 g6 6. Nc3 Bxa6 7. e4 Bxf1 8. Kxf1 d6 9. g3 Bg7 10. Kg2 O-O 11. Nf3 Nbd7 12. a4 Qa5 13. Qc2 Ng4 1-0

[Event "Kragero Resort B 2020"]
[Site "Kragero"]
[Date "2020.02.20"]
[Round "3.12"]
[White "Aasen, Fredrik"]
[Black "Olsen, William Alexander"]
[Result "0-1"]
[ECO "C55"]
[WhiteElo "1625"]
[BlackElo "1862"]
[Annotator "NA RC"]
[PlyCount "102"]
[EventDate "2020.02.19"]
[EventType "swiss"]
[EventCountry "NOR"]
[SourceTitle "playchess.com"]
[Source "ChessBase"]
[SourceQuality "1"]
[TimeControl "5400+30"]

1. e4 e5 2. Nf3 Nc6 3. Bc4 Nf6 4. d3 Be7 5. c3 d6 6. O-O O-O 7. h3 Na5 8. Bb5 a6 9. Ba4 b5 10. Bc2 c5 {[%emt 0:00:15] C55: Two Knights: 4 d3, 4 d4 exd4 5 e5 and Max Lange Attack.} 11. Be3 Qc7 12. Nbd2 Bd7 13. Re1 Rad8 {[%emt 0:01:31] [#]} 14. Bg5 $146 ({Predecessor:} 14. Qe2 Rfe8 15. Rac1 d5 16. Bb1 dxe4 17. dxe4 c4 18. Nf1 Nb7 19. b4 cxb3 20. axb3 {0-1 (66) Kovalenko,I (2647)-Kelires,A (2510) Sitges 2019}) 14... Nc6 15. Bxf6 Bxf6 16. Nf1 g6 17. Ne3 Ne7 18. Bb3 Bc6 19. Qe2 Bg7 20. Rad1 d5 21. Nxd5 Nxd5 22. exd5 Bxd5 23. Bxd5 Rxd5 24. Qe3 Rfd8 25. Rd2 f6 26. Red1 (26. d4 $11) 26... b4 (26... f5 $15) 27. c4 (27. cxb4 $11 cxb4 28. d4) 27... R5d6 28. Ne1 h5 29. Nc2 Kh7 30. Qf3 Bh6 31. Ne3 Qd7 32. Nd5 Rxd5 33. cxd5 Bxd2 34. Rxd2 Kg7 $17 35. Kf1 Qxd5 36. Qxd5 Rxd5 37. Ke2 Kf7 38. Ke3 Ke6 39. Rc2 Kd6 40. a3 Rd4 41. Rc4 Rxc4 42. dxc4 bxa3 43. bxa3 f5 44. a4 Kc6 45. a5 g5 46. f3 Kd6 47. g4 hxg4 48. hxg4 Ke6 49. Kd3 e4+ 50. fxe4 fxg4 51. Ke3 Ke5 {[%emt 0:00:03] Kd4+} 0-1

[Event "Kragero Resort B 2020"]
[Site "Kragero"]
[Date "2020.02.20"]
[Round "4.1"]
[White "Rynning, Rune Kleiven"]
[Black "Leonhardsen, Vebjorn Maanum"]
[Result "0-1"]
[ECO "B17"]
[WhiteElo "1625"]
[BlackElo "1845"]
[Annotator "NA RC"]
[PlyCount "116"]
[EventDate "2020.02.19"]
[EventType "swiss"]
[EventCountry "NOR"]
[SourceTitle "playchess.com"]
[Source "ChessBase"]
[SourceQuality "1"]
[TimeControl "5400+30"]

1. e4 c6 2. d4 d5 3. Nc3 dxe4 4. Nxe4 Nd7 5. Nf3 Ngf6 6. Bd3 Nxe4 7. Bxe4 Nf6 8. Bd3 Bg4 9. c3 e6 10. h3 Bh5 11. O-O Be7 12. Qe2 Qc7 13. Bg5 O-O 14. Rfe1 Rfc8 15. b4 a5 16. a3 axb4 17. axb4 Nd5 18. Bxe7 Qxe7 19. g4 Nf4 20. Qf1 Bg6 21. Bxg6 Nxg6 22. Ne5 Nf4 23. Nd3 Nd5 24. Rxa8 Rxa8 25. Ra1 Rxa1 26. Qxa1 h5 27. Qc1 hxg4 28. hxg4 Qh4 29. g5 Qg4+ 30. Kf1 Qf3 31. Qd2 Qh1+ 32. Ke2 Qa1 33. c4 Nb6 34. Qb2 Qh1 35. Nc5 Qh5+ 36. Kd3 Qxg5 37. Nxb7 Qf5+ 38. Ke2 Qe4+ 39. Kd1 Nxc4 40. Qc3 Nb6 41. Na5 Na4 42. Qd2 Qf3+ 43. Kc2 Qd5 44. Kd3 c5 45. Qf4 g6 46. Qb8+ Kg7 47. bxc5 Nxc5+ 48. Ke3 Qe4+ 49. Kd2 Qxd4+ 50. Ke2 Qd3+ 51. Ke1 Qc3+ 52. Kf1 Qxa5 53. Qe5+ f6 54. Qd6 Qa7 55. Kg2 e5 56. Kf3 Qb7+ 57. Kg4 Qe4+ 58. Kg3 Qd3+ 0-1

[Event "Kragero Resort B 2020"]
[Site "Kragero"]
[Date "2020.02.20"]
[Round "4.2"]
[White "Seo, Jung Hyun"]
[Black "Solaas, Timian Martinius Man"]
[Result "1-0"]
[ECO "B38"]
[WhiteElo "1816"]
[BlackElo "1741"]
[Annotator "NA RC"]
[PlyCount "99"]
[EventDate "2020.02.19"]
[EventType "swiss"]
[EventCountry "NOR"]
[SourceTitle "playchess.com"]
[Source "ChessBase"]
[SourceQuality "1"]
[TimeControl "5400+30"]

1. e4 c5 2. Nf3 g6 3. d4 cxd4 4. Nxd4 Nc6 5. c4 Bg7 6. Be3 Nf6 7. Nc3 O-O 8. Be2 d6 9. f3 Nh5 10. Nxc6 bxc6 11. Qd2 Rb8 12. g4 Qa5 13. Rc1 Nf6 14. O-O Be6 15. b3 Rfd8 16. Rfd1 Rd7 17. Rc2 Rbd8 18. Nd5 Qxd2 19. Nxf6+ Bxf6 20. Rcxd2 g5 21. e5 Bxe5 22. Bxg5 c5 23. f4 Bd4+ 24. Rxd4 cxd4 25. f5 Bxc4 26. Bxc4 Kf8 27. Rxd4 Rc7 28. a4 Rc5 29. Re4 Rd7 30. Be3 Rc8 31. Rd4 Rb8 32. Bh6+ Kg8 33. g5 d5 34. Rxd5 Rxd5 35. Bxd5 Rd8 36. Bc4 Rd6 37. h4 e6 38. fxe6 fxe6 39. h5 Kf7 40. Kf2 Rd2+ 41. Kg3 Rd1 42. Kf4 Rh1 43. Ke5 Re1+ 44. Kd6 Rd1+ 45. Kc5 Rh1 46. Kd6 Rd1+ 47. Kc6 Rd8 48. a5 Rd4 49. a6 Rd8 50. g6+ 1-0

[Event "Kragero Resort B 2020"]
[Site "Kragero"]
[Date "2020.02.20"]
[Round "4.3"]
[White "Bernstein, Jonas August"]
[Black "Westrum, Kim Roger Hansen"]
[Result "1/2-1/2"]
[ECO "A89"]
[WhiteElo "1798"]
[BlackElo "1809"]
[Annotator "NA RC"]
[PlyCount "64"]
[EventDate "2020.02.19"]
[EventType "swiss"]
[EventCountry "NOR"]
[SourceTitle "playchess.com"]
[Source "ChessBase"]
[SourceQuality "1"]
[TimeControl "5400+30"]

1. c4 f5 2. Nc3 Nf6 3. d4 e6 4. g3 g6 5. Bg2 Bg7 6. Nf3 d6 7. O-O O-O 8. Qc2 Nc6 9. d5 Ne5 10. dxe6 Nxf3+ 11. Bxf3 c6 12. Bf4 Bxe6 13. Rad1 Ne8 14. b3 Qa5 15. Na4 Rd8 16. Bd2 Qc7 17. Bf4 Be5 18. Nc5 Bc8 19. Nd3 Ng7 20. Nxe5 dxe5 21. Bg5 Rxd1 22. Rxd1 Ne6 23. Bc1 Nd4 24. Qd2 Rd8 25. Kf1 Rd7 26. Qg5 Nxf3 27. Rxd7 Nxh2+ 28. Kg2 Qxd7 29. Kxh2 f4 30. Qxe5 fxg3+ 31. Qxg3 Qg4 32. Qxg4 Bxg4 1/2-1/2

[Event "Kragero Resort B 2020"]
[Site "Kragero"]
[Date "2020.02.20"]
[Round "4.4"]
[White "Aasen, Kjetil Myrlid"]
[Black "Sejersted, Adrian"]
[Result "1-0"]
[ECO "B01"]
[WhiteElo "1892"]
[BlackElo "1788"]
[Annotator "NA RC"]
[PlyCount "123"]
[EventDate "2020.02.19"]
[EventType "swiss"]
[EventCountry "NOR"]
[SourceTitle "playchess.com"]
[Source "ChessBase"]
[SourceQuality "1"]
[TimeControl "5400+30"]

1. e4 d5 2. exd5 Qxd5 3. Nc3 Qd8 4. Bc4 Nf6 5. Nf3 a6 6. a4 Nc6 7. O-O e6 8. d4 Be7 9. Re1 O-O 10. h3 h6 11. Bf4 Nb4 12. Ne4 Nxe4 13. Rxe4 c5 14. c3 Nc6 15. Ne5 cxd4 16. Nxc6 bxc6 17. Qxd4 c5 18. Qxd8 Rxd8 19. Kf1 Bb7 20. Ree1 g5 21. Be3 a5 22. Rad1 Bd5 23. Bb5 Bb3 24. Rxd8+ Rxd8 25. c4 f5 26. Ke2 f4 27. Bd2 Rd4 28. Rc1 Bd8 29. Rc3 Ba2 30. Rd3 Bb1 31. Rxd4 cxd4 32. c5 Be4 33. f3 Ba8 34. c6 Kf7 35. Kd3 e5 36. Kc4 Ke6 37. Kc5 h5 38. Ba6 g4 39. Bb7 gxf3 40. gxf3 e4 41. Bxf4 e3 42. Ba6 Kf5 43. c7 Bxc7 44. Bxc7 Bxf3 45. Kxd4 e2 46. Bxa5 Bg2 47. Ke3 Ke5 48. Bxe2 Bxh3 49. Bxh5 Kd5 50. Kd3 Kc5 51. b4+ Kd5 52. Bf3+ Kd6 53. Bb6 Bf1+ 54. Kd4 Bh3 55. Bc5+ Kc7 56. a5 Bf1 57. Be4 Bb5 58. Bd3 Bd7 59. b5 Be8 60. Bb6+ Kb7 61. Be4+ Kb8 62. Kc5 1-0

[Event "Kragero Resort B 2020"]
[Site "Kragero"]
[Date "2020.02.20"]
[Round "4.5"]
[White "Strand, Amund Pihl"]
[Black "Aasen, Joakim"]
[Result "1/2-1/2"]
[ECO "D04"]
[WhiteElo "1806"]
[BlackElo "1745"]
[Annotator "NA RC"]
[PlyCount "89"]
[EventDate "2020.02.19"]
[EventType "swiss"]
[EventCountry "NOR"]
[SourceTitle "playchess.com"]
[Source "ChessBase"]
[SourceQuality "1"]
[TimeControl "5400+30"]

1. d4 Nf6 2. Nf3 c5 3. e3 g6 4. Bd3 Bg7 5. b3 cxd4 6. exd4 d5 7. Bb2 O-O 8. Nbd2 Nc6 9. a3 Re8 10. O-O Bf5 11. Qe2 Qc7 12. Ne5 Bxd3 13. Nxd3 Rad8 14. h3 Ne4 15. Nf3 e6 16. Rac1 f5 17. Nde5 Qb6 18. Nxc6 bxc6 19. Qd3 Rb8 20. Rfe1 a5 21. Re2 a4 22. b4 Qb5 23. c4 Qa6 24. Ne5 Bxe5 25. dxe5 c5 26. Qe3 cxb4 27. cxd5 bxa3 28. Bd4 Rb3 29. Qh6 Nc3 30. Rec2 Nxd5 31. Rc7 Ne7 32. Bc5 Qa5 33. Bxe7 Qxe5 34. Bf6 Qxf6 35. Qxh7+ Kf8 36. Qh6+ Kg8 37. Rd7 a2 38. Qh7+ Kf8 39. Qh6+ Kg8 40. Rcc7 a1=Q+ 41. Kh2 Qae5+ 42. f4 Qxc7 43. Qh7+ Kf8 44. Qh6+ Kg8 45. Qh7+ 1/2-1/2

[Event "Kragero Resort B 2020"]
[Site "Kragero"]
[Date "2020.02.20"]
[Round "4.6"]
[White "Austad, Eirik"]
[Black "Lystad, Maximilian L"]
[Result "1/2-1/2"]
[ECO "A36"]
[WhiteElo "1796"]
[BlackElo "1710"]
[Annotator "NA"]
[PlyCount "50"]
[EventDate "2020.02.19"]
[EventType "swiss"]
[EventCountry "NOR"]
[SourceTitle "playchess.com"]
[Source "ChessBase"]
[SourceQuality "1"]
[TimeControl "5400+30"]

1. c4 c5 2. Nc3 g6 3. g3 Nc6 4. Bg2 Bg7 5. a3 a5 6. d3 e6 7. Nf3 Nge7 8. O-O O-O 9. Bd2 b6 10. Rb1 Bb7 11. Na4 d5 12. Qb3 Ra6 13. cxd5 Nxd5 14. Bc3 Nd4 15. Bxd4 cxd4 16. Nc5 bxc5 17. Qxb7 Qb6 18. Qxb6 Rxb6 19. Nd2 Rfb8 20. Nc4 Ra6 21. Rbc1 Bf8 22. Rc2 Nb6 23. Nd2 Na4 24. Nc4 Nb6 25. Nd2 Na4 1/2-1/2

[Event "Kragero Resort B 2020"]
[Site "Kragero"]
[Date "2020.02.20"]
[Round "4.7"]
[White "Omtvedt, Per"]
[Black "Shehzad, Alisha"]
[Result "1/2-1/2"]
[ECO "B26"]
[WhiteElo "1894"]
[BlackElo "1705"]
[Annotator "NA RC"]
[PlyCount "94"]
[EventDate "2020.02.19"]
[EventType "swiss"]
[EventCountry "NOR"]
[SourceTitle "playchess.com"]
[Source "ChessBase"]
[SourceQuality "1"]
[TimeControl "5400+30"]

1. e4 c5 2. Nc3 Nc6 3. g3 g6 4. Bg2 Bg7 5. d3 d6 6. Be3 a6 7. Qd2 e6 8. Nge2 Nge7 9. Bh6 O-O 10. h4 f6 11. Bxg7 Kxg7 12. h5 g5 13. f4 g4 14. O-O-O e5 15. Rdf1 b5 16. Kb1 Nd4 17. Nxd4 cxd4 18. Ne2 Nc6 19. Rh4 Kh8 20. f5 Rg8 21. Nc1 Rg5 22. Qe2 Qg8 23. h6 Bd7 24. Rf2 Rc8 25. Bf1 Be8 26. Qd1 Bf7 27. a3 b4 28. a4 Na5 29. Qd2 Nc6 30. b3 a5 31. Be2 Nb8 32. Bd1 Na6 33. Qe2 Nc5 34. Rfh2 d5 35. exd5 Bxd5 36. Rxg4 Rxg4 37. Qxg4 Qxg4 38. Bxg4 Rg8 39. Rh4 Rg5 40. Ne2 Bc6 41. Ng1 Nb7 42. Nh3 Rg8 43. Kc1 Nd6 44. Nf2 Rg5 45. Nh3 Rg8 46. Nf2 Rg5 47. Nh3 Rg8 1/2-1/2

[Event "Kragero Resort B 2020"]
[Site "Kragero"]
[Date "2020.02.20"]
[Round "4.8"]
[White "Olsen, William Alexander"]
[Black "Johannessen, Martin T."]
[Result "1-0"]
[ECO "B23"]
[WhiteElo "1862"]
[BlackElo "1663"]
[Annotator "NA RC"]
[PlyCount "63"]
[EventDate "2020.02.19"]
[EventType "swiss"]
[EventCountry "NOR"]
[SourceTitle "playchess.com"]
[Source "ChessBase"]
[SourceQuality "1"]
[TimeControl "5400+30"]

1. e4 c5 2. Nc3 d6 3. f4 Nc6 4. Nf3 Nf6 5. Bb5 Bd7 6. O-O Qb6 7. d3 e6 8. a4 a6 9. Bxc6 Bxc6 10. a5 Qc7 11. e5 Nd5 12. Nxd5 Bxd5 13. Qe2 Bxf3 14. Qxf3 d5 15. f5 O-O-O 16. Re1 Be7 17. Bd2 h6 18. Qg4 Qd7 19. Qxg7 Bh4 20. fxe6 Qxe6 21. Rf1 Rdf8 22. Kh1 Rhg8 23. Qh7 Rg6 24. Be1 Qg4 25. g3 Qe6 26. gxh4 d4 27. Bg3 Qd5+ 28. Kg1 Qxe5 29. Qxg6 Qe3+ 30. Bf2 Qh3 31. Qg2 Qe6 32. Bg3 1-0

[Event "Kragero Resort B 2020"]
[Site "Kragero"]
[Date "2020.02.20"]
[Round "4.9"]
[White "Halvorsen, Benjamin"]
[Black "Sivertsen, Jarle"]
[Result "1-0"]
[ECO "B30"]
[WhiteElo "1861"]
[BlackElo "1606"]
[Annotator "NA RC"]
[PlyCount "117"]
[EventDate "2020.02.19"]
[EventType "swiss"]
[EventCountry "NOR"]
[SourceTitle "playchess.com"]
[Source "ChessBase"]
[SourceQuality "1"]
[TimeControl "5400+30"]

1. e4 c5 2. Nf3 Nc6 3. g3 e5 4. Bg2 Nf6 5. Qe2 d6 6. O-O Bg4 7. c3 h5 8. h3 Bxf3 9. Bxf3 Qd7 10. Bg2 O-O-O 11. Na3 Be7 12. Rb1 Qe6 13. c4 Nd4 14. Qd1 Nd7 15. b4 Nb6 16. d3 g5 17. Nc2 Qd7 18. Nxd4 cxd4 19. b5 Qc7 20. a4 Nd7 21. Bd2 Nc5 22. Qc2 Kd7 23. a5 b6 24. Ra1 Ra8 25. Ra3 Ke6 26. Rfa1 a6 27. axb6 Qxb6 28. Qa2 Rhb8 29. Bb4 Ra7 30. Bxc5 dxc5 31. Rxa6 Rxa6 32. Qxa6 Bd8 33. Bf3 h4 34. gxh4 gxh4 35. Bg4+ Kf6 36. Bf5 Bc7 37. Kg2 Rg8+ 38. Kf3 Ke7 39. Qxb6 Bxb6 40. Ra6 Bc7 41. Rh6 Ba5 42. Rxh4 Bd2 43. Rg4 Ra8 44. h4 Ra3 45. Rg8 Bf4 46. Ke2 Ra2+ 47. Kf1 Rd2 48. b6 Rb2 49. Rb8 Kf6 50. b7 Bh6 51. Bc8 Bf8 52. Ra8 Bd6 53. Ra6 Ke7 54. h5 f5 55. h6 fxe4 56. h7 exd3 57. h8=Q d2 58. Qg7+ Kd8 59. Qd7# 1-0

[Event "Kragero Resort B 2020"]
[Site "Kragero"]
[Date "2020.02.20"]
[Round "4.10"]
[White "Amundsen, Ask"]
[Black "Hausken, Andreas Skrede"]
[Result "0-1"]
[ECO "B45"]
[WhiteElo "1707"]
[BlackElo "1856"]
[Annotator "NA RC"]
[PlyCount "82"]
[EventDate "2020.02.19"]
[EventType "swiss"]
[EventCountry "NOR"]
[SourceTitle "playchess.com"]
[Source "ChessBase"]
[SourceQuality "1"]
[TimeControl "5400+30"]

1. e4 c5 2. Nf3 e6 3. d4 cxd4 4. Nxd4 Nc6 5. Be3 Nf6 6. Nc3 Bb4 7. Bd3 O-O 8. O-O Ne5 9. Bg5 Nxd3 10. Qxd3 h6 11. Bh4 d6 12. f4 Bxc3 13. bxc3 e5 14. fxe5 dxe5 15. Nf5 Qb6+ 16. Bf2 Qc7 17. Qg3 Bxf5 18. exf5 Ne4 19. Qg4 Nxf2 20. Rxf2 Qxc3 21. Raf1 f6 22. Rf3 Qxc2 23. Rg3 Rf7 24. Qg6 Qd2 25. Rf2 Qd1+ 26. Rf1 Qd4+ 27. Kh1 Kf8 28. Qh7 Rd8 29. h3 Qc4 30. Rb1 b6 31. Rg6 Qc2 32. Rf1 Qxa2 33. Rc1 Qd2 34. Qh8+ Ke7 35. Rc7+ Rd7 36. Rc8 Kd6 37. Ra8 Qc1+ 38. Kh2 Qf4+ 39. Kh1 Kc5 40. Rc8+ Kb5 41. Qe8 Rfe7 0-1

[Event "Kragero Resort B 2020"]
[Site "Kragero"]
[Date "2020.02.20"]
[Round "4.11"]
[White "Skaslien, Ingrid"]
[Black "Kveim, Ingvar Torjesen"]
[Result "1-0"]
[ECO "A73"]
[WhiteElo "1847"]
[BlackElo "1584"]
[Annotator "NA RC"]
[PlyCount "77"]
[EventDate "2020.02.19"]
[EventType "swiss"]
[EventCountry "NOR"]
[SourceTitle "playchess.com"]
[Source "ChessBase"]
[SourceQuality "1"]
[TimeControl "5400+30"]

1. d4 Nf6 2. c4 c5 3. d5 e6 4. Nc3 exd5 5. cxd5 d6 6. e4 g6 7. Be2 Bg7 8. Nf3 O-O 9. O-O Bg4 10. Nd2 Bxe2 11. Qxe2 Nbd7 12. Re1 Re8 13. Nc4 Nb6 14. Bg5 h6 15. Bh4 Nxc4 16. Qxc4 g5 17. Bg3 Nh5 18. Ne2 Qd7 19. Qc2 b5 20. h3 Nxg3 21. Nxg3 a5 22. Nf5 b4 23. Qe2 Kh7 24. Rad1 a4 25. h4 f6 26. Rd3 Re5 27. Re3 Rd8 28. Qg4 Qf7 29. Qd1 Qd7 30. Qd3 Qb7 31. Rg3 Bf8 32. Qd1 Rde8 33. Ree3 Qb5 34. Qh5 Qc4 35. Qf7+ Kh8 36. Qxf6+ Kg8 37. hxg5 Rxe4 38. Nxh6+ Kh7 39. g6+ 1-0

[Event "Kragero Resort B 2020"]
[Site "Kragero"]
[Date "2020.02.20"]
[Round "4.12"]
[White "Briem, Hedinn"]
[Black "Skogli, Paal"]
[Result "0-1"]
[ECO "D10"]
[WhiteElo "1672"]
[BlackElo "1801"]
[Annotator "NA RC"]
[PlyCount "48"]
[EventDate "2020.02.19"]
[EventType "swiss"]
[EventCountry "NOR"]
[SourceTitle "playchess.com"]
[Source "ChessBase"]
[SourceQuality "1"]
[TimeControl "5400+30"]

1. d4 d5 2. c4 c6 3. cxd5 cxd5 4. Bf4 Nf6 5. e3 e6 6. Nf3 Bb4+ 7. Nbd2 O-O 8. Bd3 Nc6 9. a3 Bd6 10. O-O Bxf4 11. exf4 Qd6 12. g3 b6 13. b4 Bb7 14. Re1 a5 15. b5 Ne7 16. Ne5 Rac8 17. g4 Ng6 18. Qf3 Rc3 19. a4 Ne4 20. Nf1 Rfc8 21. Ne3 Qb4 22. Nc2 Rxc2 23. Bxc2 Rxc2 24. Nd3 Qxd4 0-1

[Event "Kragero Resort B 2020"]
[Site "Kragero"]
[Date "2020.02.21"]
[Round "5.1"]
[White "Leonhardsen, Vebjorn Maanum"]
[Black "Seo, Jung Hyun"]
[Result "1/2-1/2"]
[ECO "D36"]
[WhiteElo "1845"]
[BlackElo "1816"]
[Annotator "NA"]
[PlyCount "50"]
[EventDate "2020.02.19"]
[EventType "swiss"]
[EventCountry "NOR"]
[SourceTitle "playchess.com"]
[Source "ChessBase"]
[SourceQuality "1"]
[TimeControl "5400+30"]

1. d4 d5 2. c4 e6 3. Nc3 Nf6 4. Bg5 Be7 5. e3 Nbd7 6. Nf3 h6 7. Bh4 O-O 8. cxd5 exd5 9. Bd3 c6 10. O-O Ne4 11. Bxe7 Qxe7 12. Qc2 Re8 13. Rab1 a5 14. a3 Nd6 15. Rfe1 Nb6 16. e4 dxe4 17. Nxe4 Nxe4 18. Bxe4 Be6 19. Bf5 Bxf5 20. Qxf5 Qd7 21. Qxd7 Nxd7 22. b4 Rxe1+ 23. Rxe1 axb4 24. axb4 Kf8 25. Kf1 Ra2 1/2-1/2

[Event "Kragero Resort B 2020"]
[Site "Kragero"]
[Date "2020.02.21"]
[Round "5.2"]
[White "Bernstein, Jonas August"]
[Black "Aasen, Kjetil Myrlid"]
[Result "1/2-1/2"]
[ECO "A61"]
[WhiteElo "1798"]
[BlackElo "1892"]
[Annotator "NA"]
[PlyCount "143"]
[EventDate "2020.02.19"]
[EventType "swiss"]
[EventCountry "NOR"]
[SourceTitle "playchess.com"]
[Source "ChessBase"]
[SourceQuality "1"]
[TimeControl "5400+30"]

1. d4 Nf6 2. c4 c5 3. d5 e6 4. Nc3 exd5 5. cxd5 d6 6. Nf3 g6 7. Bf4 a6 8. h3 b5 9. e3 Bb7 10. Bg5 Bg7 11. Be2 Qa5 12. O-O b4 13. Bxf6 Bxf6 14. Qa4+ Qxa4 15. Nxa4 Nd7 $15 16. Rad1 O-O 17. Rfe1 Rab8 18. Bc4 Bc8 19. Re2 Ne5 20. Nxe5 Bxe5 21. b3 Re8 22. Nb2 Bc3 23. Na4 Bg7 24. Nb2 Bd7 25. Na4 Bb5 26. Nb2 Re4 27. Rc2 Bc3 28. Bf1 Re7 29. Nc4 Bxc4 30. Bxc4 a5 31. a4 f5 32. Bb5 Rf8 33. Bc6 f4 34. exf4 Rxf4 35. Rf1 Rfe4 36. Bb5 g5 37. g3 Kg7 38. Kg2 h6 39. Ra2 Kf6 40. Rc2 h5 41. Ra2 h4 42. g4 Ke5 43. Bc4 Kf4 44. Rc2 Bd4 45. Bd3 R4e5 46. Bc4 Re1 47. Rxe1 Rxe1 48. Re2 Rxe2 49. Bxe2 Ke4 50. Bc4 Be5 51. Kf1 Kf3 52. Be2+ Kf4 53. Kg2 Bd4 54. Bd3 Bc3 55. Bc4 Ke5 56. Kf3 Bd2 57. Ke2 Bf4 58. Kf3 Kd4 59. Ke2 Ke4 60. Kf1 Kd4 61. Ke2 Kc3 62. Kd1 Kb2 63. Ke2 Kc2 64. Ke1 Bd2+ 65. Ke2 Kc1 66. Bd3 Bf4 67. Bc4 Kc2 68. Ke1 Kc3 69. Ke2 Kd4 70. Kf3 Be5 71. Ke2 Ke4 72. Kf1 1/2-1/2

[Event "Kragero Resort B 2020"]
[Site "Kragero"]
[Date "2020.02.21"]
[Round "5.3"]
[White "Austad, Eirik"]
[Black "Olsen, William Alexander"]
[Result "1-0"]
[ECO "A21"]
[WhiteElo "1796"]
[BlackElo "1862"]
[Annotator "NA"]
[PlyCount "139"]
[EventDate "2020.02.19"]
[EventType "swiss"]
[EventCountry "NOR"]
[SourceTitle "playchess.com"]
[Source "ChessBase"]
[SourceQuality "1"]
[TimeControl "5400+30"]

1. c4 e5 2. Nc3 Nf6 3. Nf3 Nc6 4. a3 a5 5. Qc2 Bc5 6. e3 d6 7. Be2 O-O 8. O-O Re8 9. d3 Bf5 10. b3 e4 11. dxe4 Nxe4 12. Bd3 Qe7 13. Nd5 Qd8 14. Nc3 Qe7 15. Nd5 Qd8 16. Nf4 g5 17. Nd5 g4 $18 18. Ne1 Ne5 19. Bxe4 Bxe4 20. Qc3 c6 21. Nf4 d5 22. cxd5 Bf8 23. Bb2 Bg7 24. Qd2 cxd5 25. Rd1 Qb6 26. f3 gxf3 27. gxf3 Nxf3+ 28. Nxf3 Bxb2 29. Nxd5 Qg6+ 30. Kf2 Bg7 31. Nf4 Qg4 32. Qe2 Bg6 33. Rg1 Qf5 34. Rd5 Qf6 35. h4 Rac8 36. h5 Rc2 37. Rd2 Rxd2 38. Qxd2 Be4 39. Qd4 Qxd4 40. Nxd4 Kf8 41. Rc1 Bxd4 42. exd4 Rd8 43. Ke3 Bc6 44. Rc5 Ke7 45. Rxa5 Kd6 46. Rf5 Re8+ 47. Kd2 Re7 48. Rf6+ Kc7 49. d5 Rd7 50. Kc3 Bb5 51. a4 Bf1 52. a5 Kd8 53. d6 Bb5 54. Kb4 Bc6 55. Ne6+ Ke8 56. Ng5 Kf8 57. h6 Kg8 58. Kc5 Bg2 59. Rf2 Bh1 60. Re2 Rd8 61. d7 Bc6 62. Re7 Bxd7 63. Rxf7 Rc8+ 64. Kb6 Rc6+ 65. Kxb7 Rg6 66. Rxd7 Rxg5 67. Rg7+ Rxg7+ 68. hxg7 h5 69. a6 h4 70. a7 1-0

[Event "Kragero Resort B 2020"]
[Site "Kragero"]
[Date "2020.02.21"]
[Round "5.4"]
[White "Aasen, Joakim"]
[Black "Halvorsen, Benjamin"]
[Result "0-1"]
[ECO "A83"]
[WhiteElo "1745"]
[BlackElo "1861"]
[Annotator "NA"]
[PlyCount "98"]
[EventDate "2020.02.19"]
[EventType "swiss"]
[EventCountry "NOR"]
[SourceTitle "playchess.com"]
[Source "ChessBase"]
[SourceQuality "1"]
[TimeControl "5400+30"]

1. d4 f5 2. e4 fxe4 3. Nc3 Nf6 4. Bg5 e6 5. Nxe4 Be7 6. Nxf6+ Bxf6 7. Bxf6 Qxf6 8. Nf3 b6 9. c4 {[%emt 0:03:44] A83: Dutch Defence: Staunton Gambit with 3 Nc3 Nf6 4 Bg5.} Bb7 10. Be2 O-O 11. O-O Nc6 12. Qd2 {[%emt 0:03:38] [#]} Qg6 $146 ({Predecessor:} 12... Ne7 13. Qg5 Nf5 14. Qxf6 Rxf6 15. Rad1 Re8 16. Rd2 d6 17. a3 Rg6 18. Rfd1 Rf8 {1-0 (74) Kocak,B (1912)-Skapikova,L (1862) Slovakia 2014}) 13. Bd3 Qh5 14. Be4 d5 15. cxd5 exd5 16. Bd3 Rf6 17. Qg5 (17. Rac1 $16) 17... Qxg5 18. Nxg5 h6 19. Nf3 Nb4 20. Ne5 Nxd3 21. Nxd3 Ba6 22. Rfd1 Re8 23. Nb4 Bb7 24. Nd3 Re2 25. Kf1 Rc2 $15 26. Rac1 Rfc6 27. Rxc2 Rxc2 28. Kg1 a5 29. Rc1 Rd2 30. Ne5 Rxd4 31. f3 c5 32. Rc2 Rd1+ 33. Kf2 Ba6 34. b3 d4 35. Nc4 a4 36. Ke2 axb3 37. axb3 Rb1 38. Kd2 Rxb3 39. Ne5 Kf8 40. f4 Kg8 41. g3 Re3 42. Kd1 Bb5 43. Rb2 Ba4+ 44. Kd2 b5 45. Ra2 Bb3 46. Ra8+ Kh7 47. Rb8 c4 48. Rc8 c3+ 49. Rxc3 Rxc3 0-1

[Event "Kragero Resort B 2020"]
[Site "Kragero"]
[Date "2020.02.21"]
[Round "5.5"]
[White "Hausken, Andreas Skrede"]
[Black "Nordquelle, Amelia"]
[Result "0-1"]
[ECO "B52"]
[WhiteElo "1856"]
[BlackElo "1768"]
[Annotator "NA"]
[PlyCount "70"]
[EventDate "2020.02.19"]
[EventType "swiss"]
[EventCountry "NOR"]
[SourceTitle "playchess.com"]
[Source "ChessBase"]
[SourceQuality "1"]
[TimeControl "5400+30"]

1. e4 c5 2. Nf3 d6 3. Bb5+ Bd7 4. Bxd7+ Qxd7 5. O-O Nc6 6. c3 g6 7. Qe2 Bg7 8. Rd1 e6 9. d4 cxd4 10. cxd4 Nge7 11. Nc3 d5 12. e5 O-O 13. h4 h5 14. Bg5 Nf5 15. Rac1 Rab8 16. b3 b5 17. Qb2 $11 Rfc8 18. Ne2 b4 19. Rc2 a5 20. Rdc1 Na7 21. a4 bxa3 22. Qxa3 Qb5 23. Rxc8+ Nxc8 24. Ng3 Nxg3 25. fxg3 Bf8 26. Qa2 Ne7 27. Rc7 Nf5 28. Kh2 Qb6 29. Qc2 Qxb3 30. Qc6 Qb5 31. Qxb5 Rxb5 32. Bf6 Rb8 33. Ng5 Nh6 34. Ra7 Ng4+ 35. Kh3 Rb1 0-1